[Event "Chinese Championship-B Men 2024"]
[Site "Liaocheng"]
[Date "2024.04.24"]
[Round "4.5"]
[White "Li, Zhanjia"]
[Black "Zhang, Di"]
[Result "0-1"]
[WhiteElo "1839"]
[BlackElo "2303"]
[PlyCount "152"]
[EventDate "2024.04.24"]
[EventType "swiss"]
[EventCountry "CHN"]
[TimeControl "5400+30"]

1. d4 Nf6 2. c4 e6 3. Nc3 d5 4. Bg5 Be7 5. e3 h6 6. Bh4 O-O 7. cxd5 exd5 8. Bd3 Nbd7 9. Nge2 b6 10. O-O Bb7 11. f3 c5 12. Bf2 a6 13. Kh1 Re8 14. Qd2 Nf8 15. Rad1 g6 16. Bc2 Qc7 17. Bb3 c4 18. Bc2 Bd6 19. Bg3 h5 20. e4 dxe4 21. fxe4 Nxe4 22. Nxe4 Bxe4 23. Bxe4 Rxe4 24. Nc3 Re6 25. d5 Ree8 26. Bxd6 Qxd6 27. Qd4 f5 28. Qxc4 b5 29. Qf4 Rad8 30. a3 Nh7 31. h3 Nf6 32. Qxd6 Rxd6 33. Rf4 Kf7 34. a4 bxa4 35. Rxa4 g5 36. Rda1 h4 37. Kg1 Rb6 38. Rxa6 Rxb2 39. R6a2 Rxa2 40. Rxa2 Re1+ 41. Kf2 Rc1 42. Ne2 Rd1 43. Ra7+ Kg6 44. Ra6 Rxd5 45. Nc3 Rd3 46. Nb5 Kg7 47. Ra7+ Kg8 48. Ra8+ Kf7 49. Ra3 Rd2+ 50. Kf1 Ne4 51. Nc3 Ng3+ 52. Kg1 Rc2 53. Nd1 Kf6 54. Ra1 Ne4 55. Ne3 Rc6 56. Rf1 Ng3 57. Re1 Rd6 58. Nf1 Ne4 59. Ne3 Rd3 60. Nf1 Ke5 61. Nh2 Ra3 62. Rf1 Ra2 63. Nf3+ Kf6 64. Nh2 Nc3 65. Re1 Ne2+ 66. Kh1 Nf4 67. Rg1 Rf2 68. Nf3 Nxg2 69. Nxg5 Kxg5 70. Rxg2+ Rxg2 71. Kxg2 Kf4 72. Kf2 Ke4 73. Ke2 f4 74. Kf2 f3 75. Kf1 Kf5 76. Kg1 Ke5 0-1

[Event "Chinese Championship-B Men 2024"]
[Site "Liaocheng"]
[Date "2024.04.24"]
[Round "4.7"]
[White "Li, Yage"]
[Black "Xi, Qi"]
[Result "0-1"]
[WhiteElo "1916"]
[BlackElo "2217"]
[PlyCount "58"]
[EventDate "2024.04.24"]
[EventType "swiss"]
[EventCountry "CHN"]
[TimeControl "5400+30"]

1. c4 e6 2. Nc3 d5 3. e3 Nf6 4. Nf3 c6 5. b3 Bd6 6. Bb2 O-O 7. d4 Nbd7 8. Bd3 e5 9. cxd5 cxd5 10. dxe5 Nxe5 11. Nxe5 Bxe5 12. O-O Be6 13. Na4 Bxb2 14. Nxb2 Rc8 15. Na4 Qd6 16. Rc1 Ng4 17. g3 Ne5 18. Be2 Bh3 19. Re1 Rxc1 20. Qxc1 Qb4 21. Qb1 d4 22. exd4 Qxd4 23. Rd1 Qb4 24. Rd5 Re8 25. a3 Qxa3 26. Nc3 h6 27. Qe4 Qc1+ 28. Nd1 Qc6 29. b4 Ng4 0-1

[Event "Chinese Championship-B Men 2024"]
[Site "Liaocheng"]
[Date "2024.04.24"]
[Round "4.8"]
[White "Pan, Shi Tian Yu"]
[Black "Gong, Changda"]
[Result "1/2-1/2"]
[WhiteElo "2166"]
[BlackElo "2170"]
[PlyCount "60"]
[EventDate "2024.04.24"]
[EventType "swiss"]
[EventCountry "CHN"]
[TimeControl "5400+30"]

1. e4 e5 2. Nf3 Nc6 3. Bb5 a6 4. Ba4 Nf6 5. O-O b5 6. Bb3 Bc5 7. Re1 d6 8. c3 h6 9. h3 O-O 10. d4 Bb6 11. dxe5 Nxe5 12. Nxe5 dxe5 13. Qe2 Bb7 14. Bc2 Ne8 15. Be3 c5 16. a4 Nd6 17. Nd2 c4 18. Red1 Qc7 19. f3 Bxe3+ 20. Qxe3 Rfb8 21. Nf1 bxa4 22. Bxa4 Bc8 23. Qf2 Be6 24. Ne3 Qc5 25. Ra2 Rb6 26. Nd5 Qxf2+ 27. Kxf2 Bxd5 28. Rxd5 f6 29. Ke1 Kf8 30. Kd1 Ke7 1/2-1/2

[Event "Chinese Championship-B Men 2024"]
[Site "Liaocheng"]
[Date "2024.04.24"]
[Round "4.9"]
[White "Zhu, Yilun"]
[Black "Zhang, Haoxuan(Zj)"]
[Result "1/2-1/2"]
[WhiteElo "2125"]
[BlackElo "1851"]
[PlyCount "101"]
[EventDate "2024.04.24"]
[EventType "swiss"]
[EventCountry "CHN"]
[TimeControl "5400+30"]

1. Nf3 c5 2. b3 Nc6 3. Bb2 d5 4. e3 e6 5. Bb5 Bd7 6. O-O Nf6 7. c4 Bd6 8. cxd5 exd5 9. d4 cxd4 10. Nxd4 O-O 11. Nxc6 bxc6 12. Be2 Qe7 13. Nd2 c5 14. Rc1 Rfd8 15. Re1 Rac8 16. Bf3 Bf5 17. Qe2 Ne4 18. Bxe4 dxe4 19. Nc4 Bc7 20. Rcd1 Rd3 21. Rxd3 exd3 22. Qf3 Be4 23. Qh3 Rd8 24. Rd1 Qg5 25. Nd2 Bf5 26. Nf3 Bxh3 27. Nxg5 Bf5 28. Bc3 a5 29. e4 Bg6 30. f3 a4 31. Kf2 axb3 32. axb3 h6 33. Nh3 Rb8 34. Ke3 Rxb3 35. Kxd3 Be5 36. Rc1 f5 37. Kd2 Bxc3+ 38. Rxc3 Rxc3 39. Kxc3 fxe4 40. fxe4 Bxe4 41. g3 Bf5 42. Nf2 Be6 43. Nd3 c4 44. Ne5 Kh7 45. Nxc4 Bxc4 46. Kxc4 Kg6 47. Kd4 Kf5 48. Ke3 g5 49. h3 h5 50. Kf3 Ke5 51. Ke3 1/2-1/2

[Event "Chinese Championship-B Men 2024"]
[Site "Liaocheng"]
[Date "2024.04.24"]
[Round "4.10"]
[White "Wang, Zihang"]
[Black "Xu, Wei"]
[Result "0-1"]
[WhiteElo "1846"]
[BlackElo "2047"]
[PlyCount "136"]
[EventDate "2024.04.24"]
[EventType "swiss"]
[EventCountry "CHN"]
[TimeControl "5400+30"]

1. e4 Nf6 2. e5 Nd5 3. d4 d6 4. c4 Nb6 5. exd6 cxd6 6. Nc3 g6 7. Nf3 Bg7 8. h3 O-O 9. Be2 Nc6 10. O-O Bf5 11. d5 Na5 12. Nd4 Naxc4 13. Nxf5 gxf5 14. a4 a5 15. Bd3 e6 16. Re1 Qf6 17. Qb3 Rac8 18. dxe6 fxe6 19. Rb1 d5 20. Bxc4 Nxc4 21. Qxb7 f4 22. f3 Qf5 23. Ra1 Rb8 24. Qd7 Bd4+ 25. Kh1 Ne5 26. Qe7 Rf7 27. Qd6 Rb6 28. Qd8+ Rf8 29. Qh4 Nd3 30. Re2 Kh8 31. Nb5 Bf6 32. Qg4 Qxg4 33. hxg4 Rc8 34. Bd2 Nxb2 35. Bxa5 Ra6 36. Bd2 Nxa4 37. Rae1 e5 38. g5 Bg7 39. Bxf4 Rb6 40. Na3 Nc3 41. Re3 Rb3 42. Nc2 Rb2 43. Na1 exf4 44. Re8+ Rxe8 45. Rxe8+ Bf8 46. Rxf8+ Kg7 47. Rc8 d4 48. Kh2 Kg6 49. Kh3 Kxg5 50. Rc5+ Kf6 51. Kg4 Ne2 52. Rd5 Ke6 53. Rd8 Ke5 54. Nb3 h5+ 55. Kg5 Rxb3 56. Re8+ Kd5 57. Rxe2 d3 58. Re8 Rb6 59. Re1 Kd4 60. Kxf4 d2 61. Rh1 Rc6 62. Rd1 Kd3 63. g4 h4 64. g5 Rc4+ 65. Kf5 Ke2 66. Rxd2+ Kxd2 67. g6 h3 68. g7 Rc8 0-1

[Event "Chinese Championship-B Men 2024"]
[Site "Liaocheng"]
[Date "2024.04.24"]
[Round "4.11"]
[White "Liu, Haoling"]
[Black "Zhang, Zhi"]
[Result "1-0"]
[WhiteElo "1772"]
[BlackElo "1987"]
[PlyCount "59"]
[EventDate "2024.04.24"]
[EventType "swiss"]
[EventCountry "CHN"]
[TimeControl "5400+30"]

1. d4 d5 2. Nf3 Nf6 3. Bf4 c5 4. e3 Nc6 5. Nbd2 cxd4 6. exd4 Bf5 7. Bb5 e6 8. Ne5 Qb6 9. Qe2 Qxd4 10. Nxc6 Qxf4 11. g3 Qc7 12. Nd4+ Kd8 13. Nxf5 exf5 14. O-O-O a6 15. Ba4 Bd6 16. Qd3 f4 17. Kb1 fxg3 18. hxg3 Ke7 19. g4 Bf4 20. Nf3 Rhd8 21. g5 Ne4 22. Rxh7 Qb6 23. Rxg7 Rd6 24. Bb3 Re8 25. g6 Nxf2 26. Re1+ Re6 27. Rxf7+ Kd8 28. Qxd5+ Qd6 29. Rxe6 Rxe6 30. Rf8+ 1-0

[Event "Chinese Championship-B Men 2024"]
[Site "Liaocheng"]
[Date "2024.04.24"]
[Round "4.12"]
[White "Wu, Yinan"]
[Black "Liu, Bei"]
[Result "1/2-1/2"]
[WhiteElo "1683"]
[BlackElo "1964"]
[PlyCount "82"]
[EventDate "2024.04.24"]
[EventType "swiss"]
[EventCountry "CHN"]
[TimeControl "5400+30"]

1. d4 d5 2. c4 c6 3. cxd5 cxd5 4. Nc3 Nf6 5. Bf4 Nc6 6. e3 a6 7. Bd3 Bg4 8. Nge2 e6 9. O-O Bd6 10. Bxd6 Qxd6 11. Rc1 O-O 12. Na4 e5 13. dxe5 Nxe5 14. Qd2 Nxd3 15. Qxd3 Qb4 16. Qd4 a5 17. a3 Qd6 18. Nf4 Rac8 19. Nb6 Rcd8 20. h3 Be6 21. Rfd1 Rfe8 22. Qc5 Qe5 23. Qc3 Qxc3 24. Rxc3 Rd6 25. Na4 g5 26. Ne2 Rb8 27. Nd4 b5 28. Nc5 Ne4 29. Rcc1 Nf6 30. Nd3 Nd7 31. Rc6 Rxc6 32. Nxc6 Ra8 33. Rc1 Nb6 34. Nd4 Bd7 35. Rc5 Rc8 36. b4 Rxc5 37. bxc5 Nc8 38. c6 Be8 39. Nxb5 Bxc6 40. Nd4 Be8 41. Nb3 a4 1/2-1/2

[Event "Chinese Championship-B Men 2024"]
[Site "Liaocheng"]
[Date "2024.04.24"]
[Round "4.13"]
[White "Wei, Zhengchen"]
[Black "Zhang, Yinzhe"]
[Result "0-1"]
[WhiteElo "1675"]
[BlackElo "1927"]
[PlyCount "64"]
[EventDate "2024.04.24"]
[EventType "swiss"]
[EventCountry "CHN"]
[TimeControl "5400+30"]

1. e4 c5 2. Nf3 e6 3. d4 cxd4 4. Nxd4 Nf6 5. Nc3 d6 6. g4 h6 7. Bg2 a6 8. h3 Qc7 9. Be3 Nc6 10. Nde2 b5 11. a3 Bb7 12. Qd2 Ne5 13. b3 Ng6 14. f3 Nh4 15. O-O Nxg2 16. Kxg2 Be7 17. Bd4 O-O 18. h4 e5 19. Be3 d5 20. Nxd5 Nxd5 21. exd5 Rfd8 22. Ng3 Rxd5 23. Qe2 Bxh4 24. Nf5 Bg5 25. Bxg5 hxg5 26. Ng3 Rd4 27. Rae1 f6 28. Kh2 e4 29. Kh3 Kf7 30. fxe4 Rh8+ 31. Nh5 Rxe4 32. Qd2 Rxh5+ 0-1

[Event "Chinese Championship-B Men 2024"]
[Site "Liaocheng"]
[Date "2024.04.24"]
[Round "4.14"]
[White "Wang, Fan"]
[Black "Xia, Jinnan"]
[Result "1-0"]
[WhiteElo "1932"]
[BlackElo "1819"]
[PlyCount "89"]
[EventDate "2024.04.24"]
[EventType "swiss"]
[EventCountry "CHN"]
[TimeControl "5400+30"]

1. e4 c5 2. Nf3 d6 3. d4 cxd4 4. Nxd4 Nf6 5. Nc3 a6 6. Be2 e6 7. O-O Be7 8. Be3 O-O 9. f4 Nc6 10. Qd2 Qc7 11. a4 Nxd4 12. Bxd4 e5 13. Be3 Be6 14. Kh1 Rac8 15. f5 Bc4 16. Bg5 Bxe2 17. Qxe2 Qc4 18. Qxc4 Rxc4 19. Bxf6 Bxf6 20. Rfd1 Rd4 21. Rd3 Rxd3 22. cxd3 Rc8 23. Ra3 Bd8 24. Rb3 b6 25. g3 Rc6 26. Kg2 Kf8 27. Kf3 Ke8 28. Nd5 a5 29. Ne3 Kd7 30. Nc4 f6 31. Rb5 Bc7 32. h4 Bd8 33. Kg4 Kc7 34. Kh5 Kd7 35. g4 Ke7 36. g5 Kf7 37. g6+ hxg6+ 38. fxg6+ Ke6 39. Kg4 Rc7 40. h5 Rc6 41. b3 Ke7 42. Kf5 Rc7 43. Nxb6 Rc1 44. Nd5+ Ke8 45. Ke6 1-0

[Event "Chinese Championship-B Men 2024"]
[Site "Liaocheng"]
[Date "2024.04.24"]
[Round "4.15"]
[White "Jin, Yueheng"]
[Black "Xie, Jiaxiang"]
[Result "1-0"]
[WhiteElo "2407"]
[BlackElo "1757"]
[PlyCount "119"]
[EventDate "2024.04.24"]
[EventType "swiss"]
[EventCountry "CHN"]
[TimeControl "5400+30"]

1. Nf3 Nf6 2. d4 d6 3. g3 g6 4. b3 Bg7 5. Bb2 O-O 6. Bg2 c6 7. O-O Qc7 8. c4 Nbd7 9. Nc3 e5 10. e4 Re8 11. Re1 Nf8 12. h3 h6 13. Rc1 g5 14. Ba3 Ng6 15. dxe5 dxe5 16. Bd6 Qd7 17. Na4 Bf8 18. Bxf8 Qxd1 19. Rcxd1 Kxf8 20. c5 Be6 21. Nd2 Ke7 22. Nf1 Red8 23. Ne3 Rxd1 24. Rxd1 Rd8 25. Rxd8 Kxd8 26. Kf1 Kc7 27. Ke2 h5 28. Nb2 h4 29. Nd3 Nh5 30. Kf3 b6 31. cxb6+ axb6 32. Nf5 hxg3 33. fxg3 Bxf5 34. exf5 e4+ 35. Kg4 exd3 36. Kxh5 d2 37. Bf3 Ne5 38. Bd1 Nd3 39. Kxg5 Nf2 40. Be2 Ne4+ 41. Kf4 Nc3 42. Bf3 Kd6 43. h4 d1=Q 44. Bxd1 Nxd1 45. h5 Ke7 46. h6 Kf8 47. g4 c5 48. a4 f6 49. g5 fxg5+ 50. Kxg5 Nf2 51. f6 Ne4+ 52. Kf5 Nd6+ 53. Ke6 Nf7 54. Kd7 Nxh6 55. Kc6 Ng4 56. Kxb6 Nxf6 57. a5 Nd5+ 58. Kxc5 Nc7 59. Kc6 Na6 60. Kb6 1-0

[Event "Chinese Championship-B Men 2024"]
[Site "Liaocheng"]
[Date "2024.04.24"]
[Round "5.1"]
[White "Xie, Kaifan"]
[Black "Wu, Yixing"]
[Result "1-0"]
[WhiteElo "2393"]
[BlackElo "2348"]
[PlyCount "119"]
[EventDate "2024.04.24"]
[EventType "swiss"]
[EventCountry "CHN"]
[TimeControl "5400+30"]

1. d4 Nf6 2. c4 e6 3. Nc3 d5 4. cxd5 exd5 5. Bg5 Be7 6. e3 h6 7. Bh4 c6 8. Bd3 O-O 9. Bg3 Re8 10. h3 a5 11. Nf3 b5 12. O-O Nbd7 13. Rc1 Ba6 14. Qe2 Qb6 15. Ne5 Nxe5 16. Bxe5 b4 17. Na4 Bxd3 18. Qxd3 Qa6 19. Qxa6 Rxa6 20. Bxf6 Bxf6 21. Rc2 Be7 22. Rfc1 Rc8 23. Nc5 Ra7 24. Nd3 Rac7 25. Ne5 Bd6 26. Nd3 Kf8 27. g4 Ke7 28. Kg2 Kd7 29. Kf3 f6 30. h4 Rb7 31. Nc5+ Bxc5 32. Rxc5 Ra7 33. Kf4 Rcc7 34. f3 Ra6 35. e4 dxe4 36. fxe4 Rb7 37. Kf5 a4 38. Kg6 b3 39. a3 Ra8 40. Rxc6 Re8 41. Kf5 g6+ 42. Kf4 g5+ 43. Kf3 Re6 44. d5 Rd6 45. Rxd6+ Kxd6 46. Rc6+ Ke7 47. h5 Rb8 48. Ke3 Kd7 49. Rxf6 Rc8 50. Rc6 Rf8 51. e5 Rf1 52. e6+ Kd8 53. Kd4 Rf2 54. Ke5 Rxb2 55. Kd6 Re2 56. Rc7 b2 57. Rb7 Kc8 58. Rb5 Rc2 59. e7 Re2 60. Rxb2 1-0

[Event "Chinese Championship-B Men 2024"]
[Site "Liaocheng"]
[Date "2024.04.24"]
[Round "5.3"]
[White "Zhang, Di"]
[Black "Jiang, Haochen"]
[Result "1-0"]
[WhiteElo "2303"]
[BlackElo "2381"]
[PlyCount "111"]
[EventDate "2024.04.24"]
[EventType "swiss"]
[EventCountry "CHN"]
[TimeControl "5400+30"]

1. e4 e5 2. Nf3 Nc6 3. Nc3 Nf6 4. Bb5 Bb4 5. O-O O-O 6. Bxc6 bxc6 7. Nxe5 Re8 8. Nd3 Bxc3 9. dxc3 Nxe4 10. Re1 d6 11. f3 Nf6 12. Bg5 Bd7 13. Qd2 h6 14. Bh4 g5 15. Bf2 Bf5 16. h4 Nh7 17. hxg5 hxg5 18. b4 Qd7 19. a4 a6 20. a5 f6 21. c4 Qf7 22. Bd4 Rxe1+ 23. Rxe1 Re8 24. Rxe8+ Qxe8 25. Nf2 Kf7 26. Nd1 Bxc2 27. Ne3 Bg6 28. Bc3 Nf8 29. Qd4 Qe5 30. Qd2 Qe8 31. Ng4 Nd7 32. b5 Ne5 33. Nxe5+ fxe5 34. b6 Qb8 35. c5 Kf6 36. f4 gxf4 37. Qxf4+ Ke7 38. Qh4+ Ke6 39. Qg4+ Bf5 40. Qg7 cxb6 41. axb6 Be4 42. Qh6+ Kf7 43. Qh5+ Ke6 44. Qh6+ Kf7 45. Qh4 Bd5 46. Qh7+ Ke6 47. Qg6+ Kd7 48. Qf5+ Ke7 49. Qh7+ Ke6 50. b7 Kf6 51. Qd7 Be6 52. Qxd6 Qxb7 53. Qxe5+ Ke7 54. Qf6+ Kd7 55. Qg7+ Kc8 56. Qf8+ 1-0

[Event "Chinese Championship-B Men 2024"]
[Site "Liaocheng"]
[Date "2024.04.24"]
[Round "5.4"]
[White "Xi, Qi"]
[Black "Zhang, Yinzhe"]
[Result "1-0"]
[WhiteElo "2217"]
[BlackElo "1927"]
[PlyCount "107"]
[EventDate "2024.04.24"]
[EventType "swiss"]
[EventCountry "CHN"]
[TimeControl "5400+30"]

1. d4 Nf6 2. c4 e6 3. Nf3 b6 4. a3 Bb7 5. Nc3 d5 6. cxd5 Nxd5 7. Qc2 Be7 8. e4 Nxc3 9. bxc3 O-O 10. Bd3 c5 11. O-O h6 12. Rd1 cxd4 13. cxd4 Nd7 14. Bb2 Nf6 15. Qe2 Rc8 16. d5 exd5 17. e5 Ne8 18. Nd4 Rc5 19. Bc2 Nc7 20. Qd3 Rxc2 21. Qxc2 Ne6 22. Nxe6 fxe6 23. Bd4 Ba6 24. Qg6 Qd7 25. Rac1 Be2 26. Re1 Bc4 27. Rc3 Bg5 28. Rg3 Bd2 29. Rd1 Bf4 30. Rh3 Rf5 31. Re1 Bd2 32. Rd1 Bf4 33. g3 Rg5 34. Qc2 Bxe5 35. Be3 Qe7 36. Bxg5 Qxg5 37. Rh4 Qf5 38. Rxc4 dxc4 39. Qxc4 Bf6 40. Rd6 Kf7 41. Rd7+ Kg6 42. Rxa7 b5 43. Qe2 Kh7 44. Rd7 Kh8 45. h4 Qb1+ 46. Kg2 Qc1 47. Rd3 Qc4 48. Re3 Qc6+ 49. Kh2 e5 50. Rb3 Qc5 51. Rxb5 Qxa3 52. Rb8+ Kh7 53. Qe4+ g6 54. h5 1-0

[Event "Chinese Championship-B Men 2024"]
[Site "Liaocheng"]
[Date "2024.04.24"]
[Round "5.5"]
[White "Xu, Wei"]
[Black "Wang, Fan"]
[Result "1-0"]
[WhiteElo "2047"]
[BlackElo "1932"]
[PlyCount "129"]
[EventDate "2024.04.24"]
[EventType "swiss"]
[EventCountry "CHN"]
[TimeControl "5400+30"]

1. e4 c5 2. Nf3 d6 3. d4 cxd4 4. Nxd4 Nf6 5. Nc3 a6 6. Be3 e5 7. Nb3 Be7 8. f3 O-O 9. Qd2 Be6 10. Nd5 Nxd5 11. exd5 Bf5 12. Be2 Qc7 13. c4 a5 14. Rc1 b6 15. O-O Na6 16. Na1 Nc5 17. Nc2 Bg6 18. Na3 f5 19. Nb5 Qd8 20. b3 h6 21. Bd1 Be8 22. Bc2 Bxb5 23. cxb5 Qd7 24. Bxc5 bxc5 25. Qd3 Bg5 26. Rce1 g6 27. a4 Rf7 28. g3 Raf8 29. Kg2 h5 30. Qc4 Qd8 31. Bd3 h4 32. g4 h3+ 33. Kh1 Bf4 34. gxf5 gxf5 35. Rg1+ Kh7 36. Qc2 Qh4 37. Ref1 Qh5 38. Qf2 Rg7 39. Rxg7+ Kxg7 40. Rg1+ Kf6 41. Be2 Qh6 42. Qe1 Bd2 43. Qf1 Rh8 44. Rg3 Bf4 45. Rg1 Be3 46. Rg3 Qh4 47. Bd3 Bf4 48. Rg1 Bg5 49. Rg3 Bf4 50. Rg1 Qh5 51. Be2 Kf7 52. Qe1 Be3 53. Rg3 Ra8 54. f4 Qh6 55. Rxe3 Qxf4 56. Qg3 Qd4 57. Qg5 Qa1+ 58. Qg1 Qxg1+ 59. Kxg1 Rh8 60. Bf1 Kf6 61. Rxh3 Rg8+ 62. Kf2 e4 63. Rh7 Ke5 64. b6 Kxd5 65. Bc4+ 1-0

[Event "Chinese Championship-B Men 2024"]
[Site "Liaocheng"]
[Date "2024.04.24"]
[Round "5.6"]
[White "Meng, Yihan"]
[Black "Liu, Haoling"]
[Result "1-0"]
[WhiteElo "2042"]
[BlackElo "1772"]
[PlyCount "79"]
[EventDate "2024.04.24"]
[EventType "swiss"]
[EventCountry "CHN"]
[TimeControl "5400+30"]

1. e4 c5 2. Nf3 Nc6 3. Bb5 e6 4. O-O Nge7 5. d4 cxd4 6. Nxd4 a6 7. Be2 Nxd4 8. Qxd4 Nc6 9. Qe3 Qc7 10. c4 Be7 11. Nc3 O-O 12. b3 Nb4 13. Qd2 d6 14. Ba3 Nc6 15. Rfd1 Rd8 16. Rac1 Qa5 17. Bb2 Bd7 18. Qe3 Be8 19. Qg3 Qg5 20. Qh3 Ne5 21. g3 Ng6 22. Kh1 Qa5 23. f4 b5 24. f5 Nf8 25. a3 b4 26. axb4 Qxb4 27. Qg4 Qxb3 28. Rb1 Bf6 29. Ba1 Qc2 30. Bd3 Qf2 31. Rf1 exf5 32. exf5 h5 33. Qxh5 Qe3 34. Nd5 Bc6 35. Bxf6 gxf6 36. Qg4+ Kh8 37. Be4 Re8 38. Nxe3 Bxe4+ 39. Ng2 Bxb1 40. Rxb1 1-0

[Event "Chinese Championship-B Men 2024"]
[Site "Liaocheng"]
[Date "2024.04.24"]
[Round "5.7"]
[White "Zhang, Haoxuan(Zj)"]
[Black "Jin, Yueheng"]
[Result "1/2-1/2"]
[WhiteElo "1851"]
[BlackElo "2407"]
[PlyCount "36"]
[EventDate "2024.04.24"]
[EventType "swiss"]
[EventCountry "CHN"]
[TimeControl "5400+30"]

1. e4 c5 2. Nf3 e6 3. d4 cxd4 4. Nxd4 Nf6 5. Nc3 Nc6 6. Ndb5 Bb4 7. Bf4 Nxe4 8. Qf3 d5 9. Nc7+ Kf8 10. Nxa8 e5 11. Bd2 Nd4 12. Qd1 Qh4 13. g3 Qf6 14. Nxe4 Nf3+ 15. Ke2 Nd4+ 16. Ke1 Nf3+ 17. Ke2 Nd4+ 18. Ke1 Nf3+ 1/2-1/2

[Event "Chinese Championship-B Men 2024"]
[Site "Liaocheng"]
[Date "2024.04.24"]
[Round "5.8"]
[White "Gong, Changda"]
[Black "Yao, Yuhang"]
[Result "0-1"]
[WhiteElo "2170"]
[BlackElo "1887"]
[PlyCount "90"]
[EventDate "2024.04.24"]
[EventType "swiss"]
[EventCountry "CHN"]
[TimeControl "5400+30"]

1. d4 Nf6 2. c4 g6 3. Nc3 Bg7 4. e4 d6 5. Nf3 O-O 6. Be2 e5 7. Be3 Ng4 8. Bg5 f6 9. Bc1 Nc6 10. O-O Kh8 11. d5 Ne7 12. h3 Nh6 13. b4 a5 14. bxa5 Rxa5 15. Nd2 f5 16. Nb3 Ra8 17. a4 fxe4 18. Nxe4 Nhf5 19. Bb2 c5 20. dxc6 bxc6 21. g4 d5 22. Ng5 h6 23. Nf3 e4 24. Bxg7+ Nxg7 25. Nfd4 Qd6 26. c5 Qc7 27. Qd2 g5 28. Rfc1 Ng6 29. Rc3 Nf4 30. Bf1 h5 31. Rg3 hxg4 32. hxg4 Ne8 33. Nc2 Kg7 34. Nbd4 Kg6 35. Raa3 Rh8 36. Bg2 Rb8 37. Rab3 Rxb3 38. Nxb3 Ba6 39. Nc1 Qh7 40. f3 Qh2+ 41. Kf2 Nf6 42. Qe1 exf3 43. Kxf3 Nxg2 44. Qe5 Nh4+ 45. Ke3 Re8 0-1

[Event "Chinese Championship-B Men 2024"]
[Site "Liaocheng"]
[Date "2024.04.24"]
[Round "5.9"]
[White "Jin, Ruijun"]
[Black "Wang, Hao B"]
[Result "0-1"]
[WhiteElo "1819"]
[BlackElo "2170"]
[PlyCount "104"]
[EventDate "2024.04.24"]
[EventType "swiss"]
[EventCountry "CHN"]
[TimeControl "5400+30"]

1. d4 Nf6 2. c4 g6 3. Nc3 Bg7 4. e4 d6 5. Be2 O-O 6. Be3 Nbd7 7. Qc2 e5 8. d5 Ne8 9. g4 Qe7 10. O-O-O Nc5 11. h4 f5 12. gxf5 gxf5 13. h5 Kh8 14. Nf3 fxe4 15. Nd2 Nd3+ 16. Bxd3 exd3 17. Qxd3 Bf5 18. Nde4 c6 19. Qd2 Rc8 20. f3 cxd5 21. cxd5 Rc4 22. Kb1 a6 23. Ka1 b5 24. Ng3 Bc8 25. h6 Bf6 26. Nce4 Qc7 27. Rc1 Bb7 28. Nf5 Rxc1+ 29. Rxc1 Qd7 30. Nfg3 Qf7 31. Rd1 Qg6 32. f4 Bh4 33. f5 Qg4 34. Rg1 Bxg3 35. Nxg3 Nf6 36. Qf2 Bxd5 37. Ne2 Qf3 38. Nc3 Qxf2 39. Bxf2 Bf3 40. Rg3 Bc6 41. Rd3 Ne8 42. a4 Rxf5 43. axb5 axb5 44. Be3 b4 45. Na2 Rf1+ 46. Nc1 d5 47. Ka2 d4 48. Bd2 Be4 49. Rg3 Bd5+ 50. Nb3 e4 51. Rg5 Nf6 52. Bxb4 Rf3 0-1

[Event "Chinese Championship-B Men 2024"]
[Site "Liaocheng"]
[Date "2024.04.24"]
[Round "5.10"]
[White "Zhou, Yuxu"]
[Black "Hou, Yifan b"]
[Result "1-0"]
[WhiteElo "1789"]
[BlackElo "2161"]
[PlyCount "91"]
[EventDate "2024.04.24"]
[EventType "swiss"]
[EventCountry "CHN"]
[TimeControl "5400+30"]

1. e4 c5 2. Nf3 Nc6 3. Bb5 g6 4. O-O Bg7 5. c3 e5 6. d4 cxd4 7. cxd4 exd4 8. Bf4 a6 9. Ba4 Nge7 10. Bd6 b5 11. Bb3 Bb7 12. Re1 Nc8 13. e5 Nxd6 14. exd6+ Kf8 15. h4 Bf6 16. Nbd2 Kg7 17. Bd5 Na5 18. Bxb7 Nxb7 19. Ne4 Re8 20. Qd2 Rc8 21. h5 h6 22. hxg6 fxg6 23. Nxd4 Nc5 24. Ng3 Bxd4 25. Qxd4+ Qf6 26. Qd2 Rxe1+ 27. Rxe1 Ne6 28. b3 Rc6 29. a4 Qc3 30. Qe2 b4 31. a5 h5 32. Qd1 Rxd6 33. Qxd6 Qxe1+ 34. Nf1 Qc3 35. Qxa6 Qxb3 36. Qb6 Qa4 37. a6 Kf7 38. a7 b3 39. g3 b2 40. Nd2 Nc7 41. Qxc7 Qd1+ 42. Kg2 Qxd2 43. a8=Q b1=Q 44. Qc4+ Ke7 45. Qa3+ d6 46. Qa7+ 1-0

[Event "Chinese Championship-B Men 2024"]
[Site "Liaocheng"]
[Date "2024.04.24"]
[Round "5.11"]
[White "Li, Youjia"]
[Black "Zhu, Yilun"]
[Result "0-1"]
[WhiteElo "1779"]
[BlackElo "2125"]
[PlyCount "130"]
[EventDate "2024.04.24"]
[EventType "swiss"]
[EventCountry "CHN"]
[TimeControl "5400+30"]

1. e4 c5 2. c3 e5 3. Nf3 Nc6 4. Bc4 Qc7 5. O-O Be7 6. a4 Nf6 7. Qe2 O-O 8. Na3 d6 9. Nc2 Bd7 10. d3 a6 11. Bg5 h6 12. Bxf6 Bxf6 13. Ne3 Ne7 14. Nd2 Bg5 15. g3 b5 16. axb5 axb5 17. Rxa8 Rxa8 18. Bb3 Rf8 19. f4 exf4 20. gxf4 Bf6 21. Nf3 Nc6 22. Nd5 Qd8 23. Qf2 Re8 24. Re1 Be6 25. Kh1 c4 26. Bc2 Bxd5 27. exd5 Ne7 28. dxc4 bxc4 29. Qe2 Qb6 30. Qe4 g6 31. f5 g5 32. Qxc4 Qxb2 33. Nd4 Rc8 34. Qb3 Qxc3 35. Qxc3 Rxc3 36. Ba4 Nxd5 37. Nb5 Rc4 38. Bb3 Rb4 39. Bxd5 Rxb5 40. Rd1 Be5 41. h3 Kg7 42. Kg2 Kf6 43. Be4 Rb2+ 44. Kf3 Rh2 45. Rb1 Rxh3+ 46. Kf2 Rh4 47. Kf3 Rh2 48. Rb7 Rb2 49. Rd7 Rb5 50. Kg4 h5+ 51. Kf3 g4+ 52. Ke3 h4 53. Bd3 Rb4 54. Be4 Rb3+ 55. Ke2 Rb5 56. Bd3 Rc5 57. Bb1 h3 58. Be4 g3 59. Kf3 g2 60. Kf2 Bd4+ 61. Kf3 g1=Q 62. Rxd6+ Ke5 63. Rd5+ Rxd5 64. Ke2 Qf2+ 65. Kd3 Rc5 0-1

[Event "Chinese Championship-B Men 2024"]
[Site "Liaocheng"]
[Date "2024.04.24"]
[Round "5.12"]
[White "Chen, Zimu(Js)"]
[Black "Pan, Shi Tian Yu"]
[Result "1-0"]
[WhiteElo "2075"]
[BlackElo "2166"]
[PlyCount "139"]
[EventDate "2024.04.24"]
[EventType "swiss"]
[EventCountry "CHN"]
[TimeControl "5400+30"]

1. e4 e5 2. Nf3 Nc6 3. Nc3 Nf6 4. Bb5 d6 5. d4 exd4 6. Nxd4 Bd7 7. Bxc6 Bxc6 8. Nxc6 bxc6 9. O-O Be7 10. Qf3 Nd7 11. Ne2 O-O 12. Nd4 c5 13. Nc6 Qe8 14. Nxe7+ Qxe7 15. Bd2 Rfe8 16. Rfe1 Qf6 17. Qxf6 Nxf6 18. f3 Nd7 19. Ba5 Nb6 20. Rad1 f6 21. Kf2 Kf7 22. g4 g6 23. Rg1 Re7 24. b3 Rae8 25. Rd2 Rh8 26. g5 fxg5 27. Rxg5 Ke6 28. h4 Rf7 29. h5 Rhf8 30. Rd3 gxh5 31. Rxh5 Ke7 32. c4 Rg8 33. Rh6 Ke8 34. e5 Nc8 35. Bc3 Rg6 36. Rxg6 hxg6 37. Re3 Ne7 38. Ba5 Nf5 39. Re1 Kf8 40. f4 Nd4 41. Kg3 Re7 42. Kg4 Kf7 43. Re4 dxe5 44. fxe5 Ne6 45. Re1 Kg7 46. Kf3 Ng5+ 47. Kf4 Ne6+ 48. Ke4 Rd7 49. Rf1 c6 50. Rf6 Re7 51. Bc3 Re8 52. a3 Re7 53. b4 a6 54. Ke3 Kh6 55. a4 Kg5 56. Ke4 Kh5 57. b5 axb5 58. axb5 Ng5+ 59. Kd3 cxb5 60. cxb5 c4+ 61. Ke3 Ne6 62. b6 Nd8 63. Ke4 g5 64. Rf8 Rd7 65. Kf5 Kh4 66. Rh8+ Kg3 67. e6 Nxe6 68. Kxe6 Rb7 69. Bd4 g4 70. Kd5 1-0

[Event "Chinese Championship-B Men 2024"]
[Site "Liaocheng"]
[Date "2024.04.24"]
[Round "5.13"]
[White "Hong, Mingren"]
[Black "Cheng, Yuanda"]
[Result "1-0"]
[WhiteElo "1747"]
[BlackElo "2068"]
[PlyCount "119"]
[EventDate "2024.04.24"]
[EventType "swiss"]
[EventCountry "CHN"]
[TimeControl "5400+30"]

1. e4 c5 2. Nf3 Nc6 3. d4 cxd4 4. Nxd4 Nf6 5. Nc3 d6 6. Bc4 e6 7. Be3 a6 8. Bb3 Be7 9. O-O O-O 10. f4 Bd7 11. f5 Nxd4 12. Bxd4 Qc7 13. Qf3 b5 14. a3 Rad8 15. Rad1 a5 16. fxe6 fxe6 17. Qh3 Qc8 18. Nxb5 d5 19. e5 Bxb5 20. exf6 Bxf6 21. Bxf6 Rxf6 22. Rxf6 gxf6 23. Qg3+ Kh8 24. Qf2 Rf8 25. c3 Qb7 26. Bc2 Qg7 27. g3 f5 28. Qd4 Qxd4+ 29. cxd4 Kg7 30. Kf2 Rc8 31. Rd2 Kf6 32. Ke3 e5 33. dxe5+ Kxe5 34. Bxf5 Rc7 35. Bb1 h6 36. Ba2 Rc5 37. Bb3 a4 38. Rc2 Bc4 39. Bxa4 Ra5 40. b3 d4+ 41. Kd2 Be6 42. Rc7 Ra8 43. Rc5+ Kd6 44. Rh5 Rf8 45. Kd3 Rf3+ 46. Kxd4 Bxb3 47. Bxb3 Rxb3 48. Rxh6+ Ke7 49. Rh4 Rxa3 50. Rf4 Ke6 51. Ke4 Rb3 52. Rf3 Rb4+ 53. Ke3 Rb2 54. h4 Ra2 55. Rf4 Ra3+ 56. Kf2 Ke5 57. Kg2 Ra8 58. Kh3 Rh8 59. Rf1 Rg8 60. h5 1-0